Map: Rainfall LE

Players

Lambo

  • Race: Zerg Zerg
  • Spawn Location: 11:00

liquidclem (Clem) - Winner!

  • Race: Terran Terran
  • League: Grandmaster
  • Spawn Location: 5:00

Event: HomeStory Cup XXIX

VOD

Have the link to the VOD?

Description

Time

  • Played on: July 5, 2026, 10:07 a.m.
  • Length: 15:08

All games in this series

Show
View Real Time Build Order
Export as new Build Order

Lambo Zerg 

Build Orders: Hatch First 

Get SALT Encoding   

  8  0:00  Drone  
  9  0:10  Drone  
  10  0:16  Drone  
  11  0:21  Drone  
  12  0:32  Overlord  
  12  0:39  Extractor  
  12  0:40  Drone  
  13  0:52  Drone x2  
  15  1:11  Hatchery  
  14  1:13  Drone  
  14  1:17  Drone  
  16  1:21  Drone  
  17  1:35  Spawning Pool  
  17  1:39  Drone  
  17  1:42  Extractor  
  17  1:43  Drone  
  17  1:50  Drone  
  18  2:00  Drone  
  19  2:11  Overlord  
  19  2:22  Queen x2  
  21  2:23  Drone  
  25  2:30  Zergling x4  
  25  2:36  Drone  
  27  2:40  Drone  
  27  2:43  Drone  
  29  2:54  Overlord  
  29  2:58  Drone  
  29  3:04  Overlord  
  30  3:05  Drone  
  30  3:10  Drone  
  30  3:11  Queen  
  33  3:17  Drone  
  34  3:20  Lair  
  34  3:23  Drone  
  34  3:26  Drone  
  36  3:30  Drone  
  36  3:32  Drone x2  
  36  3:33  Drone  
  40  3:37  Drone  
  40  3:39  Drone  
  42  3:41  Drone  
  42  3:44  Drone  
  42  3:47  Drone  
  45  3:56  Evolution Chamber  
  45  3:58  Roach Warren  
  45  4:00  Drone x2  
  45  4:01  Evolution Chamber  
  44  4:03  Extractor  
  44  4:04  Drone x2  
  44  4:05  Extractor  
  44  4:07  Overlord  
  45  4:10  Drone  
  45  4:13  Drone x2  
  45  4:16  Extractor  
  45  4:17  Drone, Overseer  
  48  4:24  Evolution Chamber  
  48  4:25  Zerg Ground Armor Level 1  
  48  4:26  Drone x2  
  48  4:29  Overlord  
  49  4:32  Overlord  
  49  4:36  Drone x2  
  51  4:40  Glial Reconstitution  
  51  4:44  Roach x2  
  55  4:47  Evolution Chamber  
  55  4:48  Roach  
  55  4:51  Roach  
  59  4:59  Roach x4  
  68  5:05  Overseer  
  68  5:12  Drone x2  
  70  5:14  Drone, Spore Crawler  
  70  5:15  Drone  
  71  5:27  Hatchery  
  70  5:30  Drone  
  71  5:37  Overlord  
  71  5:39  Overlord  
  71  5:42  Overlord  
  71  5:47  Spore Crawler  
  70  5:51  Overlord  
  70  5:52  Overlord  
  70  5:55  Queen, Overlord  
  70  5:56  Roach  
  76  6:00  Evolution Chamber  
  76  6:03  Roach x3  
  79  6:04  Drone x3  
  79  6:08  Drone x2  
  80  6:13  Drone  
  80  6:16  Metabolic Boost, Baneling Nest  
  80  6:19  Drone  
  80  6:23  Drone x3  
  84  6:27  Zerg Melee Weapons Level 1  
  84  6:34  Drone x4  
  84  6:35  Drone  
  84  6:37  Zerg Ground Armor Level 2  
  89  6:40  Drone  
  89  6:43  Spore Crawler  
  89  6:44  Drone x2  
  89  6:54  Overlord  
  89  6:55  Overlord  
  89  6:56  Drone  
  90  7:02  Overlord  
  90  7:03  Roach x3  
  90  7:07  Infestation Pit  
  95  7:09  Drone x4  
  95  7:11  Drone x2  
  95  7:12  Drone  
  95  7:13  Drone  
  95  7:15  Drone  
  104  7:16  Drone  
  104  7:17  Drone  
  104  7:20  Drone  
  107  7:23  Extractor  
  107  7:24  Extractor  
  107  7:27  Roach x2  
  109  7:32  Roach, Overlord  
  109  7:33  Roach  
  113  7:37  Overlord  
  113  7:38  Pneumatized Carapace  
  113  7:39  Zergling x6  
  114  7:45  Zergling x2  
  114  7:51  Zergling x10  
  120  7:52  Ravager x3  
  120  7:57  Hive, Infestor  
  120  7:58  Hatchery  
  124  8:02  Drone x2  
  124  8:04  Infestor x2  
  127  8:06  Overlord  
  127  8:07  Zergling x8  
  127  8:11  Drone x3  
  134  8:14  Centrifugal Hooks  
  134  8:15  Zergling x2  
  135  8:21  Overlord  
  135  8:23  Drone  
  136  8:27  Zergling x2  
  136  8:33  Zergling x4  
  139  8:41  Baneling x4  
  139  8:42  Roach x2, Zergling x6  
  139  8:46  Overlord  
  146  8:49  Zergling x2  
  146  8:50  Zergling x6  
  146  8:55  Zergling x2  
  150  9:00  Zergling x4  
  148  9:04  Zerg Melee Weapons Level 2  
  148  9:10  Drone x6  
  148  9:13  Adrenal Glands, Viper x2  
  148  9:14  Ultralisk Cavern  
  148  9:15  Zergling x6  
  162  9:21  Baneling x6  
  162  9:27  Drone x3  
  165  9:32  Zergling x10  
  165  9:35  Baneling x6  
  165  9:36  Zergling x6, Hatchery  
  171  9:40  Zergling x8  
  171  9:43  Baneling x7  
  171  9:47  Zergling x14  
  171  9:49  Zergling x2  
  166  9:53  Ravager  
  166  9:55  Zergling x8  
  166  9:56  Ravager  
  166  9:58  Baneling x4  
  172  10:02  Zergling x4  
  172  10:04  Zergling x2  
  158  10:14  Zergling x2  
  158  10:15  Zergling x22  
  158  10:20  Zergling x2  
  163  10:22  Baneling x8  
  163  10:24  Ultralisk  
  163  10:25  Ultralisk  
  165  10:31  Zergling x12  
  165  10:33  Chitinous Plating  
  163  10:36  Zergling x2  
  163  10:38  Zergling x2  
  163  10:39  Baneling  
  159  10:43  Zergling x10  
  151  10:52  Zergling x8  
  149  10:57  Ultralisk  
  149  10:58  Zergling x2  
  149  10:59  Queen x3  
  149  11:00  Zerg Ground Armor Level 3  
  149  11:03  Zergling x12  
  168  11:10  Drone x2  
  171  11:11  Zergling x12  
  171  11:16  Zergling x2  
  177  11:23  Zergling x6  
  177  11:24  Extractor  
  178  11:27  Queen  
  178  11:29  Zergling x2  
  178  11:31  Queen  
  179  11:33  Zergling x2  
  171  11:48  Queen  
  171  11:49  Spore Crawler, Overlord  
  171  11:51  Overlord  
  172  11:56  Overlord  
  172  11:58  Drone x4  
  172  12:06  Anabolic Synthesis, Hatchery  
  172  12:07  Zerg Melee Weapons Level 3, Overlord, Spire  
  170  12:09  Overlord  
  170  12:15  Extractor, Baneling x4  
  169  12:16  Infestor x3  
  169  12:17  Infestor  
  169  12:18  Zergling x14  
  169  12:21  Zergling x6  
  185  12:35  Zergling x10  
  183  12:39  Hatchery  
  183  12:41  Zergling x6  
  166  12:45  Zergling x2  
  160  12:53  Zergling x10  
  160  12:55  Infestor x2  
  155  13:01  Zergling x2  
  155  13:02  Zergling x6  
  170  13:12  Ultralisk  
  170  13:13  Ultralisk x2  
  170  13:17  Ravager  
  170  13:18  Drone x4  
  170  13:19  Drone  
  182  13:22  Zergling x2  
  177  13:28  Zergling x8  
  172  13:41  Zergling x14  
  155  13:45  Zergling x2  
  155  13:46  Zergling x10  
  142  13:50  Ultralisk  
  142  13:54  Zergling x4  
  139  14:01  Zergling x4  
  132  14:05  Ultralisk x2  
  142  14:11  Corruptor x2  
  142  14:15  Infestor  
  142  14:16  Corruptor x3  
  154  14:26  Zergling x10  
  154  14:30  Zergling x4  
  161  14:31  Baneling x12  
  143  14:42  Zergling x8  
Show
View Real Time Build Order
Export as new Build Order

liquidclem Terran - Winner!

Build Orders: Reaper Expand 

Get SALT Encoding   

  8  0:00  SCV  
  9  0:12  SCV  
  10  0:24  SCV  
  10  0:27  Supply Depot  
  11  0:36  SCV  
  12  0:48  SCV  
  13  0:53  Barracks  
  13  1:00  SCV  
  14  1:05  Refinery  
  14  1:12  SCV  
  15  1:24  SCV  
  16  1:39  Orbital Command  
  16  1:48  Reaper  
  17  2:05  SCV  
  18  2:09  Command Center  
  18  2:17  SCV  
  18  2:22  Marine  
  20  2:25  Supply Depot  
  20  2:29  SCV  
  21  2:38  Factory  
  21  2:43  Barracks Reactor  
  21  2:47  SCV  
  21  2:49  Refinery  
  22  2:59  SCV  
  23  3:11  SCV  
  24  3:23  Orbital Command, Starport, SCV  
  25  3:28  Hellion x2  
  25  3:30  Barracks Tech Lab  
  29  3:36  SCV  
  30  3:43  Supply Depot  
  30  3:48  SCV x2  
  32  3:51  Hellion  
  32  3:54  Hellion  
  36  4:01  SCV x2  
  38  4:05  Banshee  
  38  4:09  Cloaking Field  
  41  4:13  SCV x2  
  43  4:19  Supply Depot  
  43  4:25  SCV x2  
  45  4:37  SCV x2  
  47  4:40  Command Center, Barracks Tech Lab  
  47  4:48  Banshee  
  47  4:49  SCV  
  47  4:50  Factory Reactor  
  47  4:51  SCV  
  52  4:54  Barracks  
  52  5:00  Barracks  
  52  5:04  SCV  
  52  5:06  SCV  
  54  5:07  Supply Depot  
  54  5:10  Marine  
  54  5:13  Stimpack  
  55  5:16  SCV  
  55  5:19  SCV  
  56  5:23  Refinery  
  56  5:25  Engineering Bay  
  56  5:27  Engineering Bay, Marine  
  57  5:28  SCV  
  57  5:31  SCV  
  59  5:37  Starport Reactor  
  59  5:41  SCV  
  60  5:42  Refinery  
  60  5:43  SCV  
  60  5:44  Siege Tank  
  60  5:45  Supply Depot  
  64  5:50  Marine x2  
  64  5:52  Marine  
  64  5:53  SCV  
  64  5:55  Orbital Command  
  64  5:56  Marine  
  69  5:59  Marine  
  69  6:01  SCV  
  71  6:05  SCV  
  71  6:08  Marine x2  
  74  6:13  SCV  
  74  6:17  Supply Depot, SCV, Terran Infantry Weapons Level 1, Terran Infantry Armor Level 1  
  74  6:18  Marine  
  77  6:22  Orbital Command  
  77  6:23  Siege Tank  
  77  6:25  Marine, SCV  
  82  6:27  Marine  
  82  6:28  Marine  
  82  6:29  SCV  
  82  6:31  Marine  
  86  6:39  Supply Depot  
  90  6:41  SCV x2  
  90  6:45  Marine  
  93  6:47  Marine  
  93  6:48  Marine  
  95  6:54  Supply Depot  
  95  6:57  Barracks  
  95  6:58  Barracks  
  95  7:00  Medivac x2, Marine, SCV x3  
  95  7:01  Supply Depot  
  99  7:05  Marine  
  99  7:07  Siege Tank, Marine  
  104  7:12  SCV x2  
  104  7:13  Marine  
  108  7:16  SCV, Supply Depot  
  108  7:18  Marine  
  109  7:23  Supply Depot  
  109  7:24  SCV x2  
  109  7:28  SCV  
  109  7:29  Marine x2  
  113  7:30  Supply Depot, Armory  
  113  7:35  Medivac x2  
  113  7:37  SCV  
  119  7:39  SCV  
  119  7:42  Marine x2, SCV  
  119  7:43  Supply Depot  
  123  7:47  Siege Tank  
  123  7:48  Barracks Tech Lab  
  123  7:49  Barracks Reactor  
  123  7:50  Marine  
  127  7:55  Supply Depot  
  127  8:03  Command Center  
  124  8:06  Marauder  
  124  8:07  Marine  
  124  8:08  Supply Depot  
  124  8:09  Combat Shield  
  124  8:12  Marauder  
  130  8:17  Terran Infantry Weapons Level 2  
  130  8:19  Terran Infantry Armor Level 2  
  131  8:25  Medivac x2, Marine x3  
  131  8:26  Marine  
  137  8:28  Marauder  
  137  8:29  Marauder  
  137  8:33  Marauder  
  143  8:37  Widow Mine x2  
  147  8:43  Marine  
  147  8:44  Marine  
  147  8:45  Barracks  
  147  8:46  Barracks  
  147  8:47  Barracks, Marine x2  
  151  8:48  Supply Depot  
  151  8:54  Marauder x2  
  155  8:58  Marauder  
  155  8:59  Widow Mine x2  
  155  9:01  Marine  
  155  9:02  Marine  
  146  9:03  Medivac  
  146  9:05  Marine x2  
  146  9:08  SCV x2  
  152  9:12  SCV  
  152  9:15  Marauder  
  152  9:16  Marauder  
  157  9:19  Marine x2  
  157  9:20  Marine, Widow Mine x2, SCV  
  157  9:22  Hellion  
  157  9:23  Marine x2, Supply Depot, Medivac  
  169  9:26  SCV  
  170  9:31  SCV  
  170  9:34  Barracks Tech Lab x2  
  170  9:35  Barracks Reactor  
  170  9:37  Marauder x3  
  177  9:41  SCV, Widow Mine  
  177  9:44  Widow Mine  
  177  9:46  Marine  
  177  9:47  Marine  
  177  9:49  Medivac, Marine  
  177  9:50  Marine  
  162  9:57  Marine  
  162  9:58  Marauder x2  
  162  9:59  Marine  
  167  10:01  SCV x2  
  167  10:02  Command Center  
  167  10:03  Widow Mine, Marauder  
  167  10:05  Refinery  
  167  10:06  Refinery  
  174  10:07  Widow Mine, SCV  
  157  10:14  Marine x2  
  157  10:15  Marauder, Marine  
  157  10:16  Marine  
  157  10:18  Marauder  
  157  10:20  Marauder x2, Marine  
  164  10:21  Planetary Fortress  
  164  10:23  SCV  
  164  10:24  Widow Mine  
  164  10:25  Marauder  
  162  10:29  Widow Mine  
  162  10:31  Marine  
  162  10:34  Marine  
  162  10:35  Marine  
  162  10:37  Marauder  
  162  10:38  SCV  
  162  10:39  Marauder  
  162  10:40  SCV  
  162  10:41  Marauder x2  
  162  10:42  SCV  
  173  10:46  Widow Mine  
  173  10:47  Marauder  
  157  10:50  Medivac  
  157  10:51  Widow Mine, Marine  
  157  10:52  SCV  
  157  10:55  Marine x2  
  157  10:56  Marine x2  
  157  10:57  Marine  
  154  10:58  Marauder  
  154  11:00  Starport  
  154  11:01  Marauder  
  154  11:02  Marauder  
  158  11:07  Marauder, Widow Mine  
  158  11:08  Marine  
  163  11:12  Widow Mine, Terran Infantry Weapons Level 3  
  163  11:13  Marine x3  
  163  11:14  Marine  
  169  11:19  Marine, Marauder  
  169  11:20  Marine  
  169  11:22  Marauder  
  169  11:24  Marauder  
  177  11:26  Marauder  
  177  11:27  Marine  
  177  11:28  Widow Mine  
  177  11:34  Widow Mine  
  177  11:39  Medivac  
  178  11:41  Marauder  
  178  11:43  Marauder  
  178  11:45  Marauder  
  178  11:46  Marine x5, Marauder  
  178  11:47  Marauder  
  178  11:50  Widow Mine  
  178  11:51  SCV  
  178  11:53  Starport Reactor  
  178  11:54  Marine  
  183  11:55  Widow Mine  
  183  11:58  Refinery  
  183  11:59  Refinery  
  180  12:02  Marauder  
  180  12:03  Marine  
  180  12:05  Marauder, Marine x2  
  180  12:06  Planetary Fortress, Marauder  
  180  12:07  Marauder  
  180  12:08  SCV  
  192  12:09  Marauder  
  192  12:10  Marine  
  192  12:11  Marine, Widow Mine  
  198  12:16  Widow Mine  
  198  12:19  Sensor Tower  
  200  12:23  Terran Infantry Armor Level 3  
  200  12:30  Command Center  
  200  12:34  Terran Vehicle And Ship Armor Level 1  
  196  12:40  Widow Mine  
  196  12:41  Marauder x2  
  192  12:45  Liberator  
  192  12:47  Liberator, Marine x2  
  192  12:51  Marine x3, Widow Mine  
  194  12:54  Marine  
  194  12:55  Marine  
  194  12:56  Marine  
  187  13:00  Marauder  
  187  13:01  Widow Mine  
  187  13:03  Marauder x2  
  187  13:04  Ghost Academy  
  187  13:05  Liberator x2, Marine x2  
  195  13:08  Marine  
  195  13:09  Marine  
  195  13:12  Widow Mine, Sensor Tower  
  200  13:22  Command Center  
  200  13:26  Marauder  
  198  13:29  Widow Mine  
  198  13:31  Marauder  
  198  13:32  Marauder  
  198  13:33  Marine x2  
  199  13:37  Marauder  
  199  13:41  Widow Mine, Marine x2  
  191  13:44  Marauder, Marine  
  191  13:45  Medivac  
  186  13:48  Liberator  
  186  13:50  Marauder, Widow Mine  
  186  13:51  Marine  
  186  13:52  Marine  
  174  13:55  Marauder  
  174  13:56  Marine x2  
  174  14:01  Liberator x2  
  174  14:02  Widow Mine  
  176  14:03  Marine x2  
  176  14:06  Marine  
  176  14:07  Marauder x2  
  176  14:09  Marine  
  182  14:10  Marine  
  182  14:11  Marauder, Widow Mine  
  182  14:13  Ghost, Marine  
  182  14:15  Liberator  
  182  14:16  Ghost  
  197  14:21  Marine, Refinery  
  197  14:22  Refinery, Marine  
  199  14:24  Marine  
  199  14:28  Planetary Fortress  
  178  14:41  Marauder, Marine  
  178  14:42  Marine x3, Marauder  
  178  14:43  Marauder  
  178  14:44  Widow Mine  
Tags
 
Add a new tag
Caveats
  • Supply blocks, unpowered buildings, or Contaminate may cause inaccurate times.
  • Supply counts are checked every 10 seconds.